 Dungeon Crawl Stone Soup version 0.22-a0-609-gfedc9ff (webtiles) character file.

40 Lianjan the Poker (level 3, -4/27 HPs)
             Began as a Merfolk Skald on July 11, 2018.
             Killed from afar by Sigmund (8 damage)
             ... with a puff of flame
             ... on level 2 of the Dungeon.
             The game lasted 00:04:01 (1305 turns).

Lianjan the Poker (Merfolk Skald)                   Turns: 1305, Time: 00:04:01

Health: -4/27      AC:  4    Str: 11    XL:     3   Next: 50%
Magic:  3/6        EV: 12    Int: 13    God:
Gold:   110        SH:  0    Dex: 13    Spells: 1/6 levels left

rFire    . . .     SeeInvis .   a - +0 spear
rCold    . . .     Gourm    .   (no shield)
rNeg     . . .     Faith    .   b - +0 leather armour
rPois    .         Spirit   .   (no helmet)
rElec    .         Reflect  .   (no cloak)
rCorr    .         Harm     .   (no gloves)
MR       .....                  g - +0 pair of boots
Stlth    +.........             (no amulet)
HPRegen  0.09/turn              (no ring)
MPRegen  0.10/turn              (no ring)

@: confused
A: change form in water, swift swim, stealthy swim
a: no special abilities


You were on level 2 of the Dungeon.
You were not hungry.

You visited 1 branch of the dungeon, and saw 2 of its levels.

You collected 110 gold pieces.

Inventory:

Hand Weapons
 a - a +0 spear (weapon)
Armour
 b - a +0 leather armour (worn)
 g - a +0 pair of boots (worn)
Jewellery
 i - a cursed amulet of inaccuracy {unknown}
 j - an uncursed ring of resist corrosion {unknown}
 o - an uncursed ring of see invisible {unknown}
Scrolls
 h - 2 scrolls of teleportation {unknown}
 k - 3 scrolls of identify {unknown}
 n - a scroll of enchant weapon {unknown}
 p - a scroll of enchant armour {unknown}
Potions
 e - 2 potions of curing {unknown}
 f - 3 potions of degeneration {unknown}
 l - a potion of lignification {unknown}
 m - 2 potions of brilliance {unknown}
Comestibles
 c - a chunk of flesh
 d - 2 rations


   Skills:
 - Level 2.1 Fighting
 * Level 4.9 Polearms
 - Level 0.6 Armour
 - Level 2.6 Dodging
 + Level 2.0 Spellcasting
 + Level 3.8 Charms


You had one spell level left.
You knew the following spells:

 Your Spells              Type           Power        Failure   Level  Hunger
a - Infusion              Chrm           ##..         7%          1    ##.....
b - Song of Slaying       Chrm           ##......     11%         2    ###....
c - Shroud of Golubria    Chrm/Tloc      #.........   22%         2    ###....

Your spell library contained the following spells:

 Spells                   Type           Power        Failure   Level  Hunger
 Regeneration             Chrm/Necr      #.........   41%         3    ####...
 Spectral Weapon          Hex/Chrm       #.......     41%         3    ####...


Dungeon Overview and Level Annotations

Branches:
Dungeon (2/15)

Altars:
Uskayaw
Vehumet

Annotations:
D:2 Sigmund


Message History

Sigmund casts a spell.
Sigmund flickers and vanishes!
Deactivating autopickup; reactivate with Ctrl-A.
Something hits you!
You see here a blue potion.
You miss something. You hit something but do no damage.
You hear some strange, mumbled words.
A magic dart appears from out of thin air!
The magic dart hits you!
* * * LOW HITPOINT WARNING * * *
You hit something but do no damage.
You hear some strange, mumbled words.
You are confused.
You hit something. Something hits you but does no damage.
You hear some strange, mumbled words.
A puff of flame appears from out of thin air!
The puff of flame hits you!
You die...

##.#.....##..##.
##.#.##.#.##....( #
##.###.#.#.##..#..
#.##.## ##.....#.....
#...## ##.........#
####.## #.#...###...
#..###.###.###....
#.######.#.#.###.#.##....
#.......@.......###......
######.{.###### #.##....
#...# #.# #.#.. #...# #[
#.### ...... # #.#
........ #.# ........#
#.# ###...#### #.# #...#


There were no monsters in sight!

Vanquished Creatures
  2 dart slugs (D:1)
  A leopard gecko (D:1)
  3 bats
  3 giant cockroaches
  8 hobgoblins
  6 kobolds
  2 ball pythons
  3 frilled lizards
  3 goblins (D:1)
  A rat (D:1)
32 creatures vanquished.

Notes
Turn   | Place    | Note
-------+----------+-------------------------------------------
     0 | D:1      | Lianjan the Merfolk Skald began the quest for the Orb.
     0 | D:1      | Reached XP level 1. HP: 16/16 MP: 3/3
   151 | D:1      | Reached XP level 2. HP: 14/22 MP: 0/5
   155 | D:1      | Learned a level 2 spell: Song of Slaying
   311 | D:1      | Reached skill level 4 in Polearms
   640 | D:1      | Reached XP level 3. HP: 26/27 MP: 6/6
   649 | D:1      | Learned a level 2 spell: Shroud of Golubria
   990 | D:2      | Found a radiant altar of Vehumet.
  1075 | D:2      | Found a hide-covered altar of Uskayaw.
  1075 | D:2      | Noticed a dagger
  1075 | D:2      | Noticed a hand axe
  1292 | D:2      | Noticed Sigmund
  1305 | D:2      | Killed from afar by Sigmund

Vault maps used:
D:1:      lightli_iron_boxes
D:2:      vehumet_crystals, dancing_weapons_uskayaw, first_ration,
          hangedman_decor_lopped, uniq_sigmund

Skill      XL: |  1  2 |
---------------+-------+-----
Polearms       | 4 |  4.9
Fighting       | |  2.1
Armour         | |  0.6
Dodging        | |  2.6
Spellcasting   | |  2.0
Charms         | |  3.8

Action                   || total
-------------------------++-------
Melee: Spear             ||   117
 Cast: Infusion          ||    11
       Song of Slaying   ||     1
       Shroud of Golubri ||     1
  Eat: Chunk             ||     2
Armor: Leather armour    ||    37
Dodge: Dodged            ||    66

Table legend:
 A = Spawn XP
 B = Non-spawn XP
 C = Spawn XP percentage of total XP
 D = Spawn monster count
 E = Non-spawn monster count
 F = Spawn count percentage of total count
 G = Total turns spent on level
                    A         B        C        D         E        F      G
               +---------+---------+-------+---------+---------+-------+---------
         Total |       0 |      58 |   0.0 |       0 |      32 |   0.0 |  1305
               +---------+---------+-------+---------+---------+-------+---------
           D:1 |       0 |      47 |   0.0 |       0 |      25 |   0.0 |   952
           D:2 |       0 |      11 |   0.0 |       0 |       7 |   0.0 |   353
               +---------+---------+-------+---------+---------+-------+---------
